[ AOE2 MATCH · #478336665 ]
UnrankedPortuguese vs Magyars
[ REPLAY ANALYSIS · EXTRACTED FROM THE RECORDED GAME ]
Feudal
9:41
Castle
20:57
Imperial
—
| APM avg | 62.1 |
| APM peak | 92 |
| eAPM avg | 23.1 |
| Villagers / military | 40 / 26 |
Focus
⚔️ 37.5% · 🌾 62.5%
Archer ×24 · Fishing Ship ×4 · Knight ×2
Feudal
10:23
Castle
18:25
Imperial
—
| APM avg | 25.5 |
| APM peak | 67 |
| eAPM avg | 10.7 |
| Villagers / military | 40 / 6 |
Focus
⚔️ 20.1% · 🌾 79.9%
Fire Galley ×4 · Fishing Ship ×4 · Unknown (2626) ×3 · Knight ×2
Feudal
10:38
Castle
14:35
Imperial
—
| APM avg | 45.7 |
| APM peak | 76 |
| eAPM avg | 18.4 |
| Villagers / military | 50 / 28 |
Focus
⚔️ 28.0% · 🌾 72.0%
Galley ×22 · Fire Galley ×6 · Fishing Ship ×6
Feudal
10:05
Castle
22:00
Imperial
—
| APM avg | 41.5 |
| APM peak | 86 |
| eAPM avg | 22.4 |
| Villagers / military | 42 / 25 |
Focus
⚔️ 40.0% · 🌾 60.0%
Fishing Ship ×13 · Archer ×10 · Skirmisher ×9 · Fire Galley ×6 · Unknown (2626) ×2
Feudal
10:02
Castle
—
Imperial
—
| APM avg | 55.3 |
| APM peak | 84 |
| eAPM avg | 20.6 |
| Villagers / military | 48 / 35 |
Focus
⚔️ 28.0% · 🌾 72.0%
Archer ×32 · Fishing Ship ×3 · Fire Galley ×2 · Transport Ship ×1 · Unknown (2626) ×1
Feudal
9:43
Castle
—
Imperial
—
| APM avg | 33.7 |
| APM peak | 56 |
| eAPM avg | 13.5 |
| Villagers / military | 36 / 11 |
Focus
⚔️ 23.2% · 🌾 76.8%
Skirmisher ×11
Match map
Initial resources + every placement click. Lines = walls · curves = elevation contours. ◆ gold · ⬟ stone · ● berries · ✦ relic · ◌ wall gap
Your base· ✓ Map-separated
Bl++d's base· ✓ Map-separated
helicol's base· ✓ Map-separated
PUB | [🥕]King_Boo's base· ✓ Map-separated
Ice's base· ✓ Map-separated
Jonnydrama's base· ✓ Map-separated
Smoothed initial terrain · ◌ = detected wall gap · hover for details
Inputs per minute
— Mooz - - Bl++d
Build order — Mooz
125 actions detected in the replay
| 0:00 | Queue | Villager (Male) |
| 0:01 | Queue | Villager (Male) |
| 0:02 | Build | House |
| 0:03 | Build | House |
| 0:10 | Queue | Villager (Male) |
| 0:11 | Queue | Villager (Male) |
| 1:43 | Queue | Villager (Male) |
| 1:48 | Build | Lumber Camp |
| 2:08 | Queue | Villager (Male) |
| 2:29 | Queue | Villager (Male) |
| 2:58 | Queue | Villager (Male) |
| 3:19 | Queue | Villager (Male) |
| 3:44 | Queue | Villager (Male) |
| 3:53 | Build | Dock |
| 4:00 | Queue | Villager (Male) |
| 4:18 | Queue | Villager (Male) |
| 4:40 | Queue | Fishing Ship |
| 4:56 | Queue | Villager (Male) |
| 4:57 | Build | House |
| 5:32 | Queue | Fishing Ship |
| 5:39 | Queue | Villager (Male) |
| 5:58 | Queue | Villager (Male) |
| 6:08 | Queue | Fishing Ship |
| 6:27 | Queue | Villager (Male) |
| 7:06 | Queue | Villager (Male) |
| 7:10 | Research | Loom |
| 7:24 | Research | Feudal Age |
| 7:29 | Research | Loom |
| 7:53 | Build | Mining Camp |
| 8:38 | Build | Barracks |
| 9:34 | Build | House |
| 9:41 | Age | Feudal Age |
| 9:42 | Build | Archery Range |
| 9:43 | Queue | Villager (Male) |
| 9:47 | Build | House |
| 10:00 | Queue | Villager (Male) |
| 10:01 | Research | Double-Bit Axe |
| 10:27 | Queue | Villager (Male) |
| 10:39 | Queue | Villager (Male) |
| 10:40 | Queue | Archer |
| 10:41 | Queue | Archer |
| 10:47 | Build | Blacksmith |
| 11:02 | Queue | Villager (Male) |
| 11:25 | Queue | Archer |
| 11:45 | Queue | Villager (Male) |
| 11:47 | Queue | Archer |
| 11:49 | Build | Mill |
| 11:53 | Queue | Archer |
| 11:59 | Research | Fletching |
| 12:33 | Queue | Villager (Male) |
| 12:35 | Build | Farm |
| 12:38 | Build | House |
| 12:42 | Build | House |
| 12:44 | Build | House |
| 12:59 | Queue | Villager (Male) |
| 13:04 | Build | Farm |
| 13:05 | Build | Farm |
| 13:06 | Build | Farm |
| 13:13 | Build | House |
| 13:24 | Queue | Villager (Male) |
| 13:26 | Build | Farm |
| 13:28 | Queue | Villager (Male) |
| 13:29 | Queue | Archer |
| 13:38 | Queue | Villager (Male) |
| 13:42 | Build | Farm |
| 13:53 | Build | Farm |
| 13:54 | Queue | Villager (Male) |
| 14:05 | Queue | Archer |
| 14:16 | Build | Farm |
| 14:29 | Queue | Villager (Male) |
| 14:31 | Queue | Archer |
| 14:38 | Build | Farm |
| 14:56 | Queue | Archer |
| 15:10 | Build | Farm |
| 15:12 | Queue | Fishing Ship |
| 15:16 | Queue | Archer |
| 15:36 | Build | Farm |
| 15:47 | Queue | Villager (Male) |
| 15:51 | Build | Farm |
| 15:52 | Queue | Villager (Male) |
| 15:53 | Queue | Archer |
| 16:12 | Queue | Archer |
| 16:13 | Queue | Archer |
| 16:31 | Queue | Archer |
| 16:31 | Queue | Archer |
| 16:36 | Queue | Villager (Male) |
| 16:38 | Build | Farm |
| 16:40 | Build | Farm |
| 16:42 | Queue | Villager (Male) |
| 17:03 | Queue | Archer |
| 17:03 | Queue | Archer |
| 17:30 | Queue | Villager (Male) |
| 17:31 | Queue | Archer |
| 17:31 | Queue | Archer |
| 17:44 | Build | House |
| 17:44 | Build | House |
| 18:05 | Queue | Villager (Male) |
| 18:16 | Research | Castle Age |
| 18:22 | Queue | Archer |
| 18:50 | Build | House |
| 19:19 | Queue | Villager (Male) |
| 19:25 | Queue | Archer |
| 19:31 | Build | Mining Camp |
| 19:34 | Queue | Villager (Male) |
| 19:43 | Build | Stable |
| 19:44 | Research | Scale Barding Armor |
| 20:24 | Queue | Archer |
| 20:28 | Research | Gold Mining |
| 20:29 | Research | Horse Collar |
| 20:31 | Build | Farm |
| 20:39 | Build | House |
| 20:41 | Research | Bloodlines |
| 20:55 | Queue | Archer |
| 20:57 | Age | Castle Age |
| 21:01 | Queue | Knight |
| 21:02 | Research | Crossbowman (upgrade) |
| 21:03 | Research | Bodkin Arrow |
| 21:14 | Build | University |
| 21:16 | Queue | Villager (Male) |
| 21:20 | Build | Lumber Camp |
| 21:28 | Queue | Knight |
| 21:30 | Build | House |
| 21:30 | Build | House |
| 21:33 | Queue | Archer |
| 21:46 | Queue | Villager (Male) |
Build order — Bl++d
94 actions detected in the replay
| 0:01 | Queue | Villager (Male) ×4 |
| 0:02 | Build | House |
| 0:04 | Build | House |
| 1:24 | Queue | Villager (Male) |
| 1:53 | Build | Lumber Camp |
| 2:05 | Queue | Villager (Male) |
| 2:26 | Queue | Villager (Male) |
| 2:53 | Queue | Villager (Male) |
| 3:03 | Queue | Villager (Male) |
| 3:33 | Queue | Villager (Male) |
| 4:03 | Research | Loom |
| 4:16 | Queue | Villager (Male) |
| 4:40 | Queue | Villager (Male) |
| 5:11 | Build | Dock |
| 5:21 | Queue | Villager (Male) |
| 5:21 | Queue | Villager (Male) |
| 5:21 | Queue | Villager (Male) |
| 6:01 | Build | House |
| 6:04 | Queue | Fishing Ship |
| 6:19 | Build | House |
| 6:21 | Build | House |
| 6:32 | Queue | Villager (Male) |
| 6:40 | Queue | Fishing Ship |
| 7:06 | Queue | Villager (Male) |
| 7:09 | Build | Mining Camp |
| 8:02 | Build | Lumber Camp |
| 8:13 | Research | Feudal Age |
| 8:41 | Queue | Fishing Ship |
| 8:58 | Queue | Villager (Male) |
| 8:59 | Queue | Villager (Male) |
| 9:48 | Build | Dock |
| 9:56 | Queue | Villager (Male) |
| 10:17 | Build | Mill |
| 10:23 | Age | Feudal Age |
| 10:57 | Build | Market |
| 11:25 | Build | Blacksmith |
| 11:28 | Build | House |
| 11:29 | Build | House |
| 11:36 | Queue | Villager (Male) |
| 11:44 | Queue | Fishing Ship |
| 11:56 | Queue | Unit 2626 |
| 12:06 | Queue | Villager (Male) |
| 12:07 | Queue | Villager (Male) |
| 12:07 | Queue | Villager (Male) |
| 12:33 | Queue | Unit 2626 |
| 12:33 | Queue | Unit 2626 |
| 12:40 | Build | House |
| 12:41 | Build | House |
| 13:04 | Build | Farm |
| 13:16 | Queue | Fire Galley |
| 13:46 | Queue | Fire Galley |
| 13:46 | Queue | Fire Galley |
| 13:46 | Queue | Fire Galley |
| 13:48 | Queue | Villager (Male) |
| 13:50 | Queue | Villager (Male) |
| 13:52 | Build | Farm |
| 14:26 | Build | Outpost |
| 14:35 | Build | Farm |
| 14:41 | Build | House |
| 14:43 | Build | House |
| 14:43 | Build | House |
| 14:45 | Build | House |
| 14:49 | Build | Farm |
| 14:52 | Build | Farm |
| 14:53 | Queue | Villager (Male) |
| 14:54 | Queue | Villager (Male) |
| 14:56 | Build | Farm |
| 15:45 | Research | Castle Age |
| 16:31 | Build | Barracks |
| 17:11 | Build | Stable |
| 17:17 | Build | Outpost |
| 17:25 | Build | House |
| 17:27 | Build | Palisade Wall |
| 17:53 | Research | Scale Barding Armor |
| 18:25 | Age | Castle Age |
| 18:26 | Queue | Knight |
| 18:27 | Queue | Knight |
| 19:26 | Research | War Galley (upgrade) |
| 19:36 | Queue | Villager (Male) |
| 19:36 | Queue | Villager (Male) |
| 19:36 | Queue | Villager (Male) |
| 19:55 | Build | Dock |
| 20:15 | Queue | Villager (Male) |
| 20:21 | Build | Town Center |
| 21:04 | Queue | Villager (Male) |
| 21:05 | Queue | Villager (Male) |
| 21:28 | Build | Dock |
| 21:33 | Research | Fletching |
| 21:35 | Queue | Villager (Male) |
| 21:35 | Queue | Villager (Male) |
| 21:35 | Queue | Villager (Male) |
| 21:35 | Queue | Villager (Male) |
| 21:36 | Queue | Villager (Male) |
| 21:38 | Queue | Villager (Male) |
Build order — helicol
131 actions detected in the replay
| 0:03 | Queue | Villager (Male) |
| 0:03 | Queue | Villager (Male) |
| 0:05 | Build | House |
| 0:07 | Build | House |
| 0:11 | Queue | Villager (Male) |
| 0:11 | Queue | Villager (Male) |
| 1:24 | Queue | Villager (Male) |
| 1:52 | Build | Lumber Camp |
| 1:55 | Queue | Villager (Male) |
| 2:19 | Queue | Villager (Male) |
| 2:45 | Queue | Villager (Male) |
| 3:19 | Queue | Villager (Male) |
| 3:41 | Queue | Villager (Male) |
| 3:57 | Build | Dock |
| 4:13 | Queue | Villager (Male) |
| 4:38 | Queue | Villager (Male) |
| 4:40 | Queue | Fishing Ship |
| 4:42 | Build | House |
| 4:52 | Queue | Villager (Male) |
| 5:11 | Queue | Fishing Ship |
| 5:17 | Queue | Villager (Male) |
| 5:50 | Queue | Villager (Male) |
| 5:52 | Queue | Fishing Ship |
| 5:58 | Build | House |
| 6:11 | Queue | Villager (Male) |
| 6:32 | Queue | Villager (Male) |
| 6:34 | Queue | Fishing Ship |
| 7:00 | Queue | Villager (Male) |
| 7:03 | Queue | Fishing Ship |
| 7:21 | Queue | Villager (Male) |
| 7:41 | Queue | Villager (Male) |
| 7:55 | Build | Mining Camp |
| 8:08 | Queue | Fishing Ship |
| 8:21 | Build | House |
| 8:28 | Research | Feudal Age |
| 8:44 | Build | Mill |
| 10:01 | Queue | Villager (Male) |
| 10:27 | Build | House |
| 10:38 | Age | Feudal Age |
| 10:43 | Build | Market |
| 10:48 | Build | Blacksmith |
| 10:51 | Queue | Villager (Male) |
| 11:01 | Research | Loom |
| 11:37 | Build | Dock |
| 11:55 | Research | Castle Age |
| 12:17 | Research | Double-Bit Axe |
| 12:26 | Queue | Galley |
| 12:37 | Build | Lumber Camp |
| 12:57 | Queue | Galley |
| 13:01 | Research | Fletching |
| 13:05 | Queue | Villager (Male) |
| 13:27 | Queue | Galley |
| 13:52 | Queue | Villager (Male) |
| 13:54 | Queue | Galley |
| 13:54 | Queue | Galley |
| 14:21 | Queue | Villager (Male) |
| 14:33 | Queue | Galley |
| 14:35 | Age | Castle Age |
| 14:39 | Build | Dock |
| 15:01 | Build | House |
| 15:04 | Research | War Galley (upgrade) |
| 15:10 | Research | Bodkin Arrow |
| 15:17 | Queue | Galley |
| 15:17 | Queue | Galley |
| 15:38 | Queue | Villager (Male) |
| 15:38 | Queue | Villager (Male) |
| 15:38 | Queue | Villager (Male) |
| 15:51 | Queue | Galley |
| 15:51 | Queue | Galley |
| 16:07 | Queue | Galley |
| 16:07 | Queue | Galley |
| 16:09 | Queue | Villager (Male) |
| 16:21 | Build | House |
| 16:22 | Build | House |
| 16:22 | Build | House |
| 16:59 | Queue | Galley |
| 17:00 | Queue | Galley |
| 17:00 | Queue | Galley |
| 17:20 | Queue | Villager (Male) |
| 17:21 | Build | House |
| 17:22 | Build | House |
| 17:38 | Queue | Galley |
| 17:38 | Queue | Galley |
| 17:46 | Queue | Villager (Male) |
| 17:51 | Build | Lumber Camp |
| 17:54 | Research | Bow Saw |
| 18:05 | Queue | Galley |
| 18:23 | Queue | Galley |
| 18:37 | Queue | Villager (Male) |
| 18:37 | Queue | Villager (Male) |
| 18:37 | Queue | Villager (Male) |
| 18:40 | Build | House |
| 18:41 | Build | House |
| 18:52 | Queue | Villager (Male) |
| 19:02 | Queue | Galley |
| 19:03 | Queue | Galley |
| 19:30 | Queue | Villager (Male) |
| 19:35 | Queue | Villager (Male) |
| 19:38 | Build | Town Center |
| 20:00 | Queue | Villager (Male) |
| 20:00 | Queue | Villager (Male) |
| 20:08 | Build | Town Center |
| 20:16 | Queue | Villager (Male) |
| 20:30 | Research | Tech 906 |
| 20:35 | Queue | Galley |
| 20:49 | Queue | Villager (Male) |
| 20:59 | Build | Lumber Camp |
| 21:17 | Build | Farm |
| 21:18 | Build | Farm |
| 21:19 | Build | Farm |
| 21:20 | Research | Horse Collar |
| 21:22 | Queue | Villager (Male) |
| 21:24 | Queue | Villager (Male) |
| 21:38 | Queue | Fire Galley |
| 21:38 | Queue | Fire Galley |
| 21:49 | Queue | Fire Galley |
| 22:03 | Queue | Villager (Male) |
| 22:15 | Queue | Fire Galley |
| 22:15 | Queue | Fire Galley |
| 22:16 | Queue | Fire Galley |
| 22:17 | Queue | Villager (Male) |
| 22:17 | Queue | Villager (Male) |
| 22:17 | Queue | Villager (Male) |
| 22:18 | Queue | Villager (Male) |
| 22:20 | Build | Farm |
| 22:20 | Build | Farm |
| 22:21 | Build | Farm |
| 22:21 | Build | Farm |
| 22:24 | Queue | Villager (Male) |
| 22:24 | Queue | Villager (Male) |
| 22:36 | Build | Monastery |
Build order — PUB | [🥕]King_Boo
135 actions detected in the replay
| 0:00 | Queue | Villager (Male) |
| 0:00 | Queue | Villager (Male) |
| 0:01 | Queue | Villager (Male) |
| 0:01 | Queue | Villager (Male) |
| 0:01 | Queue | Villager (Male) |
| 0:04 | Build | House |
| 1:26 | Queue | Villager (Male) |
| 1:44 | Build | Lumber Camp |
| 1:49 | Queue | Villager (Male) |
| 2:06 | Queue | Villager (Male) |
| 2:29 | Queue | Villager (Male) |
| 2:44 | Queue | Villager (Male) |
| 3:24 | Build | House |
| 3:30 | Queue | Villager (Male) |
| 3:53 | Queue | Villager (Male) |
| 4:02 | Queue | Villager (Male) |
| 4:10 | Queue | Villager (Male) |
| 4:21 | Build | Dock |
| 4:47 | Queue | Villager (Male) |
| 4:57 | Queue | Fishing Ship |
| 5:08 | Build | House |
| 5:30 | Queue | Villager (Male) |
| 5:40 | Queue | Fishing Ship |
| 5:55 | Queue | Villager (Male) |
| 5:56 | Build | House |
| 6:19 | Queue | Villager (Male) |
| 6:23 | Queue | Fishing Ship |
| 6:46 | Queue | Villager (Male) |
| 7:02 | Queue | Fishing Ship |
| 7:09 | Research | Loom |
| 7:33 | Research | Feudal Age |
| 7:53 | Build | Lumber Camp |
| 8:30 | Build | Barracks |
| 9:07 | Build | House |
| 9:09 | Build | Mining Camp |
| 9:23 | Queue | Villager (Male) |
| 9:36 | Queue | Fishing Ship |
| 10:05 | Age | Feudal Age |
| 10:07 | Build | Archery Range |
| 10:09 | Research | Double-Bit Axe |
| 10:14 | Queue | Unit 2626 |
| 10:31 | Queue | Villager (Male) |
| 10:36 | Build | House |
| 10:44 | Queue | Villager (Male) |
| 10:50 | Build | Watch Tower |
| 10:52 | Queue | Archer |
| 10:58 | Queue | Fire Galley |
| 11:05 | Queue | Villager (Male) |
| 11:18 | Queue | Archer |
| 11:24 | Queue | Villager (Male) |
| 11:32 | Build | Mining Camp |
| 11:43 | Queue | Archer |
| 11:59 | Queue | Villager (Male) |
| 12:04 | Build | Blacksmith |
| 12:07 | Build | House |
| 12:09 | Build | House |
| 12:18 | Queue | Archer |
| 12:21 | Build | Palisade Wall |
| 12:25 | Build | Palisade Wall |
| 12:32 | Queue | Villager (Male) |
| 12:37 | Queue | Archer |
| 12:47 | Queue | Villager (Male) |
| 12:50 | Queue | Fire Galley |
| 12:56 | Build | House |
| 13:13 | Queue | Archer |
| 13:16 | Queue | Villager (Male) |
| 13:49 | Queue | Villager (Male) |
| 13:52 | Queue | Archer |
| 13:55 | Queue | Villager (Male) |
| 14:06 | Build | Mill |
| 14:23 | Queue | Archer |
| 14:25 | Queue | Villager (Male) |
| 14:39 | Research | Fletching |
| 15:01 | Queue | Archer |
| 15:08 | Queue | Villager (Male) |
| 15:17 | Research | Padded Archer Armor |
| 15:20 | Queue | Unit 2626 |
| 15:29 | Queue | Villager (Male) |
| 15:31 | Queue | Skirmisher |
| 15:40 | Queue | Villager (Male) |
| 15:46 | Build | Dock |
| 15:50 | Queue | Skirmisher |
| 15:52 | Research | Horse Collar |
| 15:56 | Build | Farm |
| 15:58 | Build | Farm |
| 16:00 | Build | Farm |
| 16:03 | Build | Farm |
| 16:05 | Queue | Villager (Male) |
| 16:09 | Build | House |
| 16:10 | Build | House |
| 16:10 | Build | House |
| 16:12 | Queue | Skirmisher |
| 16:21 | Build | Farm |
| 16:26 | Build | Farm |
| 16:28 | Build | Farm |
| 16:30 | Build | Farm |
| 16:32 | Queue | Villager (Male) |
| 16:38 | Queue | Archer |
| 16:41 | Queue | Skirmisher |
| 16:58 | Queue | Skirmisher |
| 16:59 | Queue | Villager (Male) |
| 17:11 | Queue | Fishing Ship |
| 17:11 | Queue | Fishing Ship |
| 17:11 | Queue | Fishing Ship |
| 17:12 | Queue | Fishing Ship |
| 17:16 | Research | Tech 906 |
| 17:28 | Queue | Villager (Male) |
| 17:29 | Queue | Skirmisher |
| 17:42 | Queue | Villager (Male) |
| 17:49 | Queue | Fishing Ship |
| 17:49 | Queue | Fishing Ship |
| 17:58 | Build | Watch Tower |
| 18:02 | Build | House |
| 18:04 | Build | House |
| 18:12 | Queue | Villager (Male) |
| 18:14 | Build | House |
| 18:19 | Build | Palisade Wall |
| 18:22 | Build | Palisade Wall |
| 18:53 | Queue | Villager (Male) |
| 19:00 | Build | Archery Range |
| 19:20 | Build | Palisade Gate |
| 19:20 | Research | Castle Age |
| 19:30 | Build | Palisade Gate |
| 20:04 | Queue | Skirmisher |
| 20:04 | Queue | Skirmisher |
| 20:08 | Queue | Skirmisher |
| 20:12 | Queue | Fishing Ship |
| 20:13 | Queue | Fishing Ship |
| 20:31 | Queue | Villager (Male) |
| 20:36 | Build | Palisade Wall |
| 21:04 | Queue | Fire Galley |
| 21:05 | Queue | Fire Galley |
| 21:46 | Queue | Fire Galley |
| 21:46 | Queue | Fire Galley |
| 22:00 | Age | Castle Age |
Build order — Ice
143 actions detected in the replay
| 0:00 | Queue | Villager (Male) |
| 0:02 | Build | House |
| 0:02 | Build | House |
| 0:13 | Queue | Villager (Male) |
| 0:14 | Queue | Villager (Male) |
| 0:16 | Queue | Villager (Male) |
| 1:23 | Queue | Villager (Male) |
| 1:46 | Build | Lumber Camp |
| 1:58 | Queue | Villager (Male) |
| 2:19 | Queue | Villager (Male) |
| 2:47 | Queue | Villager (Male) |
| 3:15 | Queue | Villager (Male) |
| 3:19 | Queue | Villager (Male) |
| 3:55 | Queue | Villager (Male) |
| 4:32 | Build | Dock |
| 4:37 | Queue | Villager (Male) |
| 4:37 | Queue | Villager (Male) |
| 4:47 | Build | House |
| 4:48 | Build | House |
| 5:15 | Queue | Fishing Ship |
| 5:21 | Queue | Villager (Male) |
| 5:21 | Queue | Villager (Male) |
| 5:22 | Queue | Villager (Male) |
| 5:41 | Queue | Villager (Male) |
| 6:06 | Queue | Fishing Ship |
| 6:40 | Queue | Fishing Ship |
| 6:41 | Queue | Villager (Male) |
| 6:53 | Research | Loom |
| 7:31 | Build | Mining Camp |
| 7:34 | Research | Feudal Age |
| 7:51 | Build | House |
| 8:39 | Queue | Villager (Male) |
| 9:02 | Build | Barracks |
| 9:45 | Queue | Villager (Male) |
| 10:02 | Age | Feudal Age |
| 10:05 | Build | House |
| 10:08 | Build | Archery Range |
| 10:28 | Build | Archery Range |
| 10:33 | Queue | Villager (Male) |
| 10:35 | Queue | Villager (Male) |
| 10:40 | Build | House |
| 10:43 | Build | Palisade Wall |
| 10:44 | Build | Palisade Wall |
| 10:45 | Build | Palisade Wall |
| 10:46 | Build | Palisade Wall |
| 10:47 | Build | Palisade Wall |
| 11:03 | Queue | Archer |
| 11:05 | Queue | Villager (Male) |
| 11:11 | Queue | Villager (Male) |
| 11:12 | Queue | Villager (Male) |
| 11:19 | Queue | Archer |
| 11:19 | Queue | Archer |
| 11:37 | Build | Blacksmith |
| 11:39 | Queue | Villager (Male) |
| 11:40 | Queue | Archer |
| 12:01 | Queue | Archer |
| 12:02 | Queue | Villager (Male) |
| 12:21 | Queue | Unit 2626 |
| 12:35 | Build | House |
| 12:41 | Queue | Archer |
| 12:46 | Build | Mill |
| 12:47 | Queue | Villager (Male) |
| 13:03 | Build | Lumber Camp |
| 13:10 | Research | Fletching |
| 13:13 | Queue | Villager (Male) |
| 13:32 | Queue | Archer |
| 13:34 | Queue | Villager (Male) |
| 13:46 | Queue | Archer |
| 13:47 | Queue | Villager (Male) |
| 13:51 | Queue | Villager (Male) |
| 14:05 | Queue | Archer |
| 14:14 | Queue | Archer |
| 14:27 | Build | Farm |
| 14:28 | Queue | Villager (Male) |
| 14:38 | Queue | Archer |
| 14:38 | Queue | Villager (Male) |
| 14:59 | Queue | Archer |
| 15:13 | Queue | Archer |
| 15:13 | Queue | Villager (Male) |
| 15:27 | Queue | Fire Galley |
| 15:31 | Build | House |
| 15:31 | Build | House |
| 15:42 | Queue | Villager (Male) |
| 15:45 | Build | Palisade Wall |
| 16:00 | Build | Farm |
| 16:00 | Build | Farm |
| 16:01 | Build | Farm |
| 16:02 | Build | Farm |
| 16:03 | Build | Farm |
| 16:05 | Build | Farm |
| 16:07 | Queue | Archer |
| 16:08 | Queue | Archer |
| 16:41 | Queue | Archer |
| 16:42 | Queue | Villager (Male) |
| 17:02 | Queue | Archer |
| 17:02 | Queue | Villager (Male) |
| 17:05 | Build | Farm |
| 17:15 | Build | Farm |
| 17:16 | Build | Farm |
| 17:16 | Queue | Villager (Male) |
| 17:16 | Queue | Villager (Male) |
| 17:22 | Build | Farm |
| 17:30 | Build | House |
| 17:31 | Build | House |
| 17:31 | Build | House |
| 17:34 | Queue | Archer |
| 17:34 | Queue | Archer |
| 17:43 | Queue | Villager (Male) |
| 18:07 | Queue | Archer |
| 18:07 | Queue | Archer |
| 18:08 | Queue | Villager (Male) |
| 18:17 | Build | Dock |
| 18:51 | Queue | Archer |
| 18:53 | Queue | Villager (Male) |
| 19:07 | Queue | Archer |
| 19:24 | Queue | Archer |
| 19:24 | Queue | Villager (Male) |
| 19:28 | Queue | Archer |
| 19:48 | Build | Market |
| 19:48 | Queue | Villager (Male) |
| 19:54 | Queue | Archer |
| 20:14 | Queue | Archer |
| 20:17 | Queue | Fire Galley |
| 20:21 | Queue | Transport Ship |
| 20:27 | Build | House |
| 20:27 | Build | House |
| 20:28 | Build | House |
| 20:28 | Build | House |
| 20:28 | Build | House |
| 20:28 | Queue | Villager (Male) |
| 20:53 | Queue | Villager (Male) |
| 21:03 | Research | Castle Age |
| 21:03 | Research | Castle Age |
| 21:10 | Queue | Villager (Male) |
| 21:12 | Research | Horse Collar |
| 21:18 | Queue | Archer |
| 21:19 | Queue | Archer |
| 21:48 | Research | Padded Archer Armor |
| 21:48 | Research | Padded Archer Armor |
| 21:53 | Research | Double-Bit Axe |
| 22:27 | Queue | Archer |
| 22:28 | Queue | Archer |
| 22:28 | Queue | Archer |
Build order — Jonnydrama
86 actions detected in the replay
| 0:02 | Research | Loom |
| 0:02 | Queue | Villager (Male) ×4 |
| 0:13 | Build | House |
| 0:39 | Build | House |
| 1:03 | Build | House |
| 1:34 | Queue | Villager (Male) |
| 1:42 | Build | House |
| 2:11 | Queue | Villager (Male) |
| 2:33 | Queue | Villager (Male) |
| 2:58 | Queue | Villager (Male) |
| 3:08 | Queue | Villager (Male) |
| 3:32 | Build | Lumber Camp |
| 3:46 | Queue | Villager (Male) |
| 3:46 | Queue | Villager (Male) |
| 3:46 | Queue | Villager (Male) |
| 5:03 | Queue | Villager (Male) |
| 5:03 | Queue | Villager (Male) |
| 5:04 | Queue | Villager (Male) |
| 5:45 | Queue | Villager (Male) |
| 6:08 | Build | Mill |
| 6:19 | Queue | Villager (Male) |
| 6:39 | Queue | Villager (Male) |
| 7:24 | Research | Feudal Age |
| 8:00 | Build | Dock |
| 9:00 | Queue | Villager (Male) |
| 9:00 | Queue | Villager (Male) |
| 9:43 | Age | Feudal Age |
| 9:46 | Research | Double-Bit Axe |
| 9:55 | Research | Horse Collar |
| 10:16 | Queue | Villager (Male) |
| 10:16 | Queue | Villager (Male) |
| 11:06 | Build | Farm |
| 11:22 | Queue | Villager (Male) |
| 11:22 | Queue | Villager (Male) |
| 11:25 | Build | Farm |
| 11:28 | Build | Farm |
| 11:49 | Queue | Villager (Male) |
| 11:52 | Build | Farm |
| 11:54 | Build | Farm |
| 12:07 | Build | Barracks |
| 12:12 | Queue | Villager (Male) |
| 12:40 | Build | House |
| 12:41 | Build | House |
| 12:53 | Queue | Villager (Male) |
| 12:56 | Build | Farm |
| 12:58 | Build | Farm |
| 13:08 | Research | Man-at-Arms (upgrade) |
| 13:25 | Build | Mining Camp |
| 13:33 | Build | Farm |
| 13:35 | Research | Town Watch |
| 13:36 | Research | Wheelbarrow |
| 14:18 | Build | Archery Range |
| 14:56 | Queue | Skirmisher |
| 14:57 | Queue | Skirmisher |
| 14:57 | Queue | Skirmisher |
| 14:57 | Queue | Skirmisher |
| 15:12 | Queue | Villager (Male) |
| 15:12 | Queue | Villager (Male) |
| 15:12 | Queue | Villager (Male) |
| 15:48 | Build | Watch Tower |
| 16:00 | Queue | Skirmisher |
| 16:07 | Queue | Villager (Male) |
| 16:11 | Build | Farm |
| 16:14 | Queue | Villager (Male) |
| 16:36 | Queue | Skirmisher |
| 17:17 | Queue | Villager (Male) |
| 17:17 | Queue | Villager (Male) |
| 17:18 | Queue | Villager (Male) |
| 17:23 | Build | Mill |
| 17:35 | Queue | Villager (Male) |
| 17:57 | Build | Blacksmith |
| 18:25 | Build | House |
| 18:26 | Build | House |
| 18:57 | Build | Farm |
| 19:00 | Build | Farm |
| 19:06 | Build | Farm |
| 19:26 | Build | Lumber Camp |
| 19:34 | Build | Market |
| 20:00 | Research | Castle Age |
| 21:23 | Queue | Skirmisher |
| 21:24 | Queue | Skirmisher |
| 21:24 | Queue | Skirmisher |
| 21:24 | Queue | Skirmisher |
| 21:25 | Queue | Skirmisher |
| 21:31 | Research | Fletching |
| 21:31 | Research | Padded Archer Armor |
Match timeline
| 3:53 | Mooz · first_building Dock |
| 3:57 | helicol · first_building Dock |
| 4:21 | PUB | [🥕]King_Boo · first_building Dock |
| 4:32 | Ice · first_building Dock |
| 5:11 | Bl++d · first_building Dock |
| 8:00 | Jonnydrama · first_building Dock |
| 8:30 | PUB | [🥕]King_Boo · first_building Barracks |
| 8:38 | Mooz · first_building Barracks |
| 9:02 | Ice · first_building Barracks |
| 9:41 | Mooz · age_up feudal |
| 9:42 | Mooz · first_building Archery Range |
| 9:43 | Jonnydrama · age_up feudal |
| 10:02 | Ice · age_up feudal |
| 10:05 | PUB | [🥕]King_Boo · age_up feudal |
| 10:07 | PUB | [🥕]King_Boo · first_building Archery Range |
| 10:08 | Ice · first_building Archery Range |
| 10:23 | Bl++d · age_up feudal |
| 10:38 | helicol · age_up feudal |
| 10:43 | Ice · wall_segment Palisade Wall x1 |
| 10:44 | Ice · wall_segment Palisade Wall x1 |
| 10:45 | Ice · wall_segment Palisade Wall x1 |
| 10:46 | Ice · wall_segment Palisade Wall x1 |
| 10:47 | Ice · wall_segment Palisade Wall x1 |
| 12:07 | Jonnydrama · first_building Barracks |
| 12:21 | PUB | [🥕]King_Boo · wall_segment Palisade Wall x1 |
| 12:25 | PUB | [🥕]King_Boo · wall_segment Palisade Wall x3 |
| 14:18 | Jonnydrama · first_building Archery Range |
| 14:35 | helicol · age_up castle |
| 15:10 | helicol · first_market_sell 100 food |
| 15:45 | Ice · wall_segment Palisade Wall x1 |
| 16:31 | Bl++d · first_building Barracks |
| 17:11 | Bl++d · first_building Stable |
| 17:27 | Bl++d · wall_segment Palisade Wall x1 |
| 18:19 | PUB | [🥕]King_Boo · wall_segment Palisade Wall x2 |
| 18:22 | PUB | [🥕]King_Boo · wall_segment Palisade Wall x1 |
| 18:25 | Bl++d · age_up castle |
| 19:43 | Mooz · first_building Stable |
| 20:00 | Jonnydrama · first_market_sell 100 food |
| 20:36 | PUB | [🥕]King_Boo · wall_segment Palisade Wall x1 |
| 20:57 | Mooz · age_up castle |
| 22:00 | PUB | [🥕]King_Boo · age_up castle |
| 22:03 | PUB | [🥕]King_Boo · resign |
| 22:36 | helicol · first_building Monastery |
[ AI ANALYSIS · 1 CREDIT ]
What really happened in this match?
Wolo.gg analyzes every decision: build order, eco, micro, common mistakes by bracket. Personalized analysis on WhatsApp or Discord in 30 seconds.
Civ guide
Portuguese
Perfil
Jugador #453413